 Dungeon Crawl Stone Soup version 0.27-a0-385-g3208abaabc (webtiles) character file.

Game seed: 17140119199051243159

16608 jasper the Slicer (level 11, -3/89 HPs)
             Began as a Demigod Brigand on Feb 20, 2021.
             Slain by a yak (13 damage)
             ... on level 2 of the Lair of Beasts.
             The game lasted 00:21:40 (12235 turns).

jasper the Slicer (Demigod Brigand)                Turns: 12235, Time: 00:21:41

Health: -3/89      AC: 14    Str: 12    XL:     11   Next: 82%
Magic:  14/14      EV: 14    Int: 13    God:
Gold:   887        SH:  0    Dex: 27    Spells: 5/10 levels left

rFire    + + .     SeeInvis .   D - +2 short sword (elec)
rCold    + . .     Faith    .   (no shield)
rNeg     . . .     Spirit   .   v - +0 scale mail
rPois    +         Reflect  .   x - +1 hat
rElec    .         Harm     .   K - scarf {rC+ rF+}
rCorr    .         Rampage  .   N - +0 pair of gloves
Will     +....                  g - +0 pair of boots
Stlth    +++.......             a - amulet of Traps {Acrobat +Blink rF+}
HPRegen  0.24/turn              U - +4 ring of protection
MPRegen  0.14/turn              T - ring of poison resistance

@: studying Stealth
A: high mp 1
a: Evoke Blink


You were on level 2 of the Lair of Beasts.
You visited 2 branches of the dungeon, and saw 14 of its levels.
You also visited: Bailey.

You collected 887 gold pieces.

Inventory:

Hand Weapons
 C - a +0 short sword of venom
 D - a +2 short sword of electrocution (weapon)
 M - a +0 rapier
Missiles
 c - 8 silver javelins
 d - 47 poisoned darts (quivered)
 e - a curare-tipped dart
 o - 25 boomerangs
 q - 13 datura-tipped darts
 z - 309 stones
 J - 4 javelins
Armour
 g - a +0 pair of boots (worn)
 v - a +0 scale mail (worn)
 x - a +1 hat (worn)
 K - a scarf of resistance (worn)
 N - a +0 pair of gloves (worn)
Jewellery
 a - the amulet of Traps (around neck) {Acrobat +Blink rF+}
   (You acquired it in a bailey)

   [amulet of the acrobat]

   It helps you evade while moving and waiting.
   It protects you from fire.
   It lets you blink.
 n - an amulet of the acrobat {unknown}
 F - a ring of protection from cold
 T - a ring of poison resistance (right hand)
 U - a +4 ring of protection (left hand)
 V - a +6 ring of intelligence
Wands
 h - a wand of charming (7)
 s - a wand of polymorph (7)
 y - a wand of paralysis (15)
 R - a wand of random effects (21)
 W - a wand of flame (11)
 Y - a wand of mindburst (18)
Scrolls
 f - 5 scrolls of amnesia
 j - 3 scrolls of fog
 l - 3 scrolls of teleportation
 m - a scroll of noise
 p - 5 scrolls of enchant armour
 t - 6 scrolls of immolation {unknown}
 B - a scroll of magic mapping {unknown}
 E - a scroll of enchant weapon {unknown}
 P - a scroll of fear {unknown}
Potions
 b - a potion of flight {unknown}
 k - 3 potions of heal wounds
 r - 4 potions of brilliance
 u - 5 potions of attraction
 w - a potion of cancellation
 L - 3 potions of curing
 Q - 2 potions of magic
 S - 2 potions of might
 X - 4 potions of haste
 Z - a potion of resistance {unknown}
Miscellaneous
 i - a phial of floods


   Skills:
 + Level 5.9 Fighting
 - Level 12.0 Short Blades
 - Level 1.7 Throwing
 + Level 5.4 Armour
 + Level 5.5 Dodging
 + Level 8.3 Stealth
 - Level 7.0 Hexes
 * Level 3.5 Evocations


You had 5 spell levels left.
You knew the following spells:

 Your Spells              Type           Power        Failure   Level
a - Slow                  Hex            18%          12%         2
b - Confusing Touch       Hex            18%          24%         3

Your spell library contained the following spells:

 Spells                   Type           Power        Failure   Level
 Corona                   Hex            20%          8%          1
 Cause Fear               Hex            9%           61%         4
 Inner Flame              Hex/Fire       9%           69%         3
 Portal Projectile        Hex/Tloc       18%          69%         3
 Leda's Liquefaction      Hex/Erth       4%           97%         4
 Gell's Gravitas          Tloc           0%           99%         3
 Petrify                  Tmut/Erth      0%           100%        4
 Metabolic Englaciation   Hex/Ice        4%           100%        5
 Yara's Violent Unravell  Hex/Tmut       4%           100%        5


Dungeon Overview and Level Annotations

Branches:
Dungeon (12/15)            Temple (0/1) D:6            Lair (2/6) D:8
  Snake (0/4) Lair:2       Bailey (visited)
  Swamp: Lair:2-4    Shoals: Lair:2-4       Orc: D:9-12

Shops:
D:4 =


Innate Abilities, Weirdness & Mutations

You have an increased reservoir of magic. (+10% MP)


Message History

You hit the yak. Lightning courses through the yak!
The yak is moderately wounded.
You hit the yak but do no damage. Lightning courses through the yak!
The yak is severely wounded.
The yak gores you but does no damage.
You hit the yak but do no damage.
The yak is severely wounded.
You hit the yak. Lightning courses through the yak!!
You kill the yak!
You barely miss the yak. You hit the yak.
The yak is lightly wounded.
The yak gores you.
* * * LOW HITPOINT WARNING * * *
You completely miss the yak.
The yak is lightly wounded.
You take 4 damage, and have 19/89 hp.
You hit the yak.
The yak is lightly wounded.
The yak gores you.
* * * LOW HITPOINT WARNING * * *
You closely miss the yak.
The yak is lightly wounded.
You take 2 damage, and have 17/89 hp.
You hit the yak.
The yak is moderately wounded.
The yak gores you!
* * * LOW HITPOINT WARNING * * *
You barely miss the yak.
The yak is moderately wounded.
You hit the yak.
The yak is moderately wounded.
The yak closely misses you.
You hit the yak.
The yak is moderately wounded.
You take 7 damage, and have 10/89 hp.
You hit the yak but do no damage. Lightning courses through the yak!
The yak is severely wounded.
The yak gores you!
You die... .... ........ .... ...... .PP

#....# ... #..###....#
.#..## ###.#. #...##
......# ..
#....####...###.....##
....#...).#.)Y..(.#.......
.........@#....Y..#.....#.
...###.##Y).............#
. # #.#.Y...>......#P.#
..#.#.#..........#....#.
.<......#.......#.......
........#.......#.......
........###...###.......
........................
.........<..............


You could see 2 yaks.

Vanquished Creatures
  Fannar (Lair:1)
  A boulder beetle (D:11)
  2 two-headed ogres
  Nergalle (Lair:1)
  2 orc knights (Bailey)
  A cyclops (D:11)
  A black mamba (Lair:1)
  3 cane toads (Lair:1)
  A komodo dragon (Lair:2)
  A troll (D:12)
  A hornet (D:7)
  8 orc warriors
  19 yaks
  2 steam dragons
  4 nagas (Lair:2)
  A warg (D:8)
  9 water moccasins
  A soldier ant (D:9)
  Duvessa (D:6)
  2 sky beasts
  A black bear (Lair:1)
  A necrophage (D:9)
  2 ice beasts (D:9)
  6 ogres
  2 centaurs
  2 phantoms (D:10)
  2 kobold brigands
  6 bullfrogs
  A wyvern skeleton (D:9)
  8 wights
  7 howler monkeys
  2 bullfrog zombies
  3 hounds
  2 quasits
  2 jellies
  2 orc priests
  A bullfrog skeleton (D:11)
  2 iguanas (D:5)
  8 orc wizards
  7 worker ants
  A howler monkey zombie (D:9)
  A worker ant zombie (D:6)
  10 adders
  9 gnolls (Bailey)
  2 white imps
  3 ufetubi
  An ooze (D:2)
  3 adder skeletons
  5 worms
  A dart slug (D:1)
  6 leopard geckos
  46 orcs
  A ball python (D:3)
  11 bats
  3 giant cockroaches
  15 goblins
  19 hobgoblins
  8 jackals
  A quokka (D:2)
  4 frilled lizards
  A jackal skeleton (D:5)
  15 kobolds
  2 leopard gecko skeletons (D:5)
  7 rats
304 creatures vanquished.

Vanquished Creatures (collateral kills)
  An orc knight (Bailey)
  2 wargs (D:8)
  5 orc warriors (Bailey)
  Dowan (D:6)
  2 orc priests
  A gnoll (Bailey)
  An adder skeleton (D:6)
  6 orcs
  2 goblins (Bailey)
21 creatures vanquished.

Vanquished Creatures (others)
  An orc warlord (Bailey)
  An orc knight (Bailey)
  An ogre (D:8)
  2 orc warriors (Bailey)
  A centaur (D:6)
  3 orc priests
  2 worker ants (D:10)
  An orc wizard (D:3)
  2 orcs
  A hobgoblin (Bailey)
  4 fungi (Lair:2)
  5 plants
24 creatures vanquished.

Grand Total: 349 creatures vanquished

Notes
Turn   | Place    | Note
-------+----------+-------------------------------------------
     0 | D:1      | jasper the Demigod Brigand began the quest for the Orb.
     0 | D:1      | Reached XP level 1. HP: 17/17 MP: 3/3
    83 | D:1      | Reached skill level 2 in Short Blades
   678 | D:1      | Reached XP level 2. HP: 24/24 MP: 4/4
  1088 | D:1      | Reached skill level 3 in Short Blades
  1117 | D:2      | Reached XP level 3. HP: 29/29 MP: 5/5
  1239 | D:2      | Found a hazy altar of Hepliaklqana.
  2417 | D:3      | Found a snail-covered altar of Cheibriados.
  2417 | D:3      | Found a white marble altar of Elyvilon.
  2417 | D:3      | Found a bloodstained altar of Trog.
  2417 | D:3      | Found a blossoming altar of Fedhas.
  2417 | D:3      | Found an iron altar of Okawaru.
  2501 | D:3      | Reached skill level 4 in Short Blades
  2548 | D:3      | Reached XP level 4. HP: 36/36 MP: 6/6
  3530 | D:4      | Found Weudotur's Jewellery Boutique.
  4051 | D:5      | Entered Level 5 of the Dungeon
  4148 | D:5      | Reached skill level 5 in Short Blades
  4246 | D:5      | Reached XP level 5. HP: 32/41 MP: 7/7
  4467 | D:5      | Noticed an ogre
  4472 | D:5      | Killed an ogre
  4522 | D:5      | Reached skill level 6 in Short Blades
  4522 | D:5      | Reached XP level 6. HP: 48/48 MP: 8/8
  4738 | D:6      | Found a stormy altar of Qazlal.
  4753 | D:6      | Noticed Duvessa
  4754 | D:6      | Killed Dowan
  4767 | D:6      | Killed Duvessa
  4768 | D:6      | Reached skill level 7 in Short Blades
  4812 | D:6      | Reached XP level 7. HP: 41/53 MP: 9/9
  4834 | D:6      | Killed an orc warrior
  4909 | D:6      | Reached skill level 8 in Short Blades
  5114 | D:6      | Found a burning altar of Makhleb.
  5415 | D:6      | Found a staircase to the Ecumenical Temple.
  5728 | D:7      | Noticed a hornet
  5742 | D:7      | Killed a hornet
  5743 | D:7      | Reached skill level 9 in Short Blades
  5743 | D:7      | Reached XP level 8. HP: 60/60 MP: 10/10
  5968 | D:8      | Learned a level 2 spell: Slow
  5972 | D:8      | Learned a level 3 spell: Confusing Touch
  6068 | D:8      | Reached skill level 10 in Short Blades
  6079 | D:8      | Found a staircase to the Lair.
  6491 | D:8      | Reached skill level 11 in Short Blades
  6514 | D:8      | Reached XP level 9. HP: 59/67 MP: 11/11
  6797 | D:9      | Reached skill level 12 in Short Blades
  6824 | D:9      | Reached skill level 1 in Dodging
  6840 | D:9      | Reached skill level 1 in Hexes
  6987 | D:9      | Reached skill level 1 in Armour
  7030 | D:9      | Noticed a two-headed ogre
  7058 | D:9      | Killed a two-headed ogre
  7505 | D:10     | Entered Level 10 of the Dungeon
  7785 | D:10     | Reached XP level 10. HP: 60/77 MP: 13/13
  7994 | D:10     | Found a shimmering altar of Xom.
  8488 | D:10     | Noticed a two-headed ogre
  8496 | D:10     | Killed a two-headed ogre
  8497 | D:10     | Reached skill level 5 in Stealth
  8760 | D:11     | You fall into a shaft and drop 1 floor!
  8804 | D:12     | Reached skill level 5 in Hexes
  8970 | D:11     | Found a flagged portal.
  8982 | Bailey   | Entered a bailey
  9145 | Bailey   | Noticed an orc knight
  9216 | Bailey   | Killed an orc knight
  9432 | Bailey   | Noticed an orc warlord
  9432 | Bailey   | Noticed an orc knight
  9432 | Bailey   | Noticed an orc knight
  9433 | Bailey   | Noticed an orc knight
  9446 | Bailey   | Killed an orc knight
  9506 | Bailey   | Killed an orc knight
  9507 | Bailey   | Reached XP level 11. HP: 50/85 MP: 14/14
  9535 | Bailey   | Identified a scroll of acquirement
  9538 | Bailey   | Acquired the amulet of Traps {Acrobat +Blink rF+}
  9541 | Bailey   | Acquired a manual of Stealth
  9786 | D:11     | Noticed a boulder beetle
  9817 | D:11     | Killed a boulder beetle
 10197 | D:11     | Reached skill level 5 in Fighting
 10789 | Lair:1   | Entered Level 1 of the Lair of Beasts
 10794 | Lair:1   | Noticed Fannar
 10823 | Lair:1   | Killed Fannar
 10948 | Lair:1   | Reached skill level 5 in Dodging
 10969 | Lair:1   | Reached skill level 1 in Evocations
 11129 | Lair:1   | Found an ornate altar of the Wu Jian Council.
 11131 | Lair:1   | Reached skill level 5 in Armour
 11224 | Lair:1   | Noticed Nergalle
 11245 | Lair:1   | Killed Nergalle
 11996 | Lair:2   | Found a staircase to the Snake Pit.
 12235 | Lair:2   | Slain by a yak

Illustrated notes

Levels and vault maps discovered:
D:1:      wander_arrival_chamber, layout_basic
D:2:      layout_basic, lemuel_crystal_altar, chequers_big_river
D:3:      layout_loops_ring, grunt_temple_overflow_open
D:4:      layout_loops_cross, serial_shops, nicolae_shop_behind_doors,
          serial_rivers, chequers_serial_rivers_room_a,
          chequers_serial_rivers_large_a, chequers_serial_rivers_micro_a,
          chequers_serial_rivers_large_b, chequers_serial_rivers_micro_a
D:5:      layout_basic
D:6:      layout_loops_cross, grunt_qazlal_sundering, kennysheep_mini_moat,
          minmay_temple_entry_offerings, uniq_duvessa
D:7:      layout_basic
D:8:      layout_rooms, erik_lair_orcish_takeover
D:9:      layout_loops_ring, serial_park_tiny_1
D:10:     layout_layer_cave, minivault_25_ag, xom_confusion_cloud
D:11:     layout_loops_cross, enter_bailey_2, kennysheep_generic_room_4
D:12:     layout_stronghold, erik_orc_4, grunt_livestock
Lair:1:   layout_chaotic_city, basic_altar, uniq_nergalle, uniq_fannar
Lair:2:   layout_regular_city, elwin_shoals_entry_stream,
          minmay_snake_entry_guardpost_small, basic_altar, ldierk_geyser,
          uniq_sonja

Skill      XL: |  1  2  3  4  5  6  7  8  9 10 11 |
---------------+----------------------------------+-----
Short Blades   | 2 3 4 5 6 7 9 11 12 | 12.0
Dodging        | 2 4 5 |  5.5
Fighting       | 3 4 5 |  5.9
Hexes          | 3 6 7 |  7.0
Armour         | 2 4 5 |  5.4
Stealth        | 4 6 8 |  8.3
Evocations     | 3 |  3.5
Throwing       | |  1.7

Action                   |  1- 3 |  4- 6 |  7- 9 | 10-12 || total
-------------------------+-------+-------+-------+-------++-------
Melee: Dagger            |   119 |    62 |       |       ||   181
       Short sword       |       |    62 |   376 |   608 ||  1046
Throw: Dart              |    27 |    41 |    34 |    49 ||   151
 Cast: Slow              |       |       |       |     2 ||     2
Evoke: Wand              |       |     4 |       |     5 ||     9
  Use: Scroll            |       |       |     7 |     7 ||    14
       Potion            |       |       |     2 |       ||     2
 Stab: Sleeping          |     8 |       |     2 |     7 ||    17
Armor: Robe              |     9 |       |       |       ||     9
       Scale mail        |    26 |    32 |    97 |   118 ||   273
       Leather armour    |    10 |       |       |       ||    10
Dodge: Dodged            |    56 |    37 |   121 |   205 ||   419

Table legend: (Time is in decaauts)
 A = Elapsed time spent in this place.
 B = Non-inter-level travel time spent in this place.
 C = Inter-level travel time spent in this place.
 D = Time resting spent in this place.
 E = Time spent auto-exploring this place.
 F = Levels seen in this place.
 G = Mean time per level.
                   A        B        C        D        E       F      G
               +--------+--------+--------+--------+--------+-----+--------+
         Total |  11762 |  11335 |    427 |   1024 |   8023 |  15 |  784.1 |
       Dungeon |   9884 |   9467 |    417 |   1022 |   6728 |  12 |  823.7 |
          Lair |   1352 |   1343 |      9 |      2 |   1085 |   2 |  676.0 |
        Bailey |    525 |    525 |      0 |      0 |    210 |   1 |  525.0 |
               +--------+--------+--------+--------+--------+-----+--------+

Top non-repeatable levels by time:
     D:2: 1306 daAuts
    D:10: 1169 daAuts
  Lair:1: 1160 daAuts
     D:1: 1101 daAuts
    D:11: 983 daAuts
     D:9: 953 daAuts
     D:3: 854 daAuts
     D:4: 816 daAuts
     D:6: 744 daAuts
     D:5: 637 daAuts
     D:8: 609 daAuts
     D:7: 529 daAuts
  Bailey: 525 daAuts
  Lair:2: 192 daAuts
    D:12: 178 daAuts
